 Dungeon Crawl Stone Soup version 0.29.1-1-gd02db6906a (webtiles) character file.

Game seed: 13477080545707101165

267 jesterful the Cudgeller (level 6, -4/46 HPs)
             Began as a Draconian Berserker on Oct 11, 2022.
             Was a Believer of Trog.
             Slain by Sigmund
             ... wielding a +0 scythe
              (10 damage)
             ... on level 3 of the Dungeon.
             The game lasted 00:21:08 (1648 turns).

jesterful the Cudgeller (Draconian Berserker)       Turns: 1648, Time: 00:21:09

Health: -4/46      AC:  7    Str: 21    XL:     6   Next: 0%
Magic:  6/6        EV: 12    Int:  8    God:    Trog [**....]
Gold:   117        SH:  3    Dex: 10    Spells: 5/5 levels left

rFire   . . .      SeeInvis .   s - +0 short sword (flame)
rCold   . . .      Faith    .   u - +0 buckler
rNeg    . . .      Spirit   .   (body armour unavailable)
rPois   .          Reflect  .   (helmet restricted)
rElec   .          Harm     .   (no cloak)
rCorr   .          Rampage  .   e - +0 pair of gloves
Will    .....                   (no boots)
Stlth   ++........              (no amulet)
HPRegen 0.15/turn               q - +4 ring of slaying
MPRegen 0.10/turn               (no ring)

@: unable to drink
A: AC +6, unfitting armour, cold-blooded, frail 1, inability to drink after
injury 1, noise suppression
a: Renounce Religion, Berserk, Trog's Hand


You were on level 3 of the Dungeon.
You worshipped Trog.
Trog was pleased with you.
You visited 1 branch of the dungeon, and saw 3 of its levels.

You collected 117 gold pieces.

Inventory:

Hand Weapons
 a - a +0 mace
 s - a +0 short sword of flaming (weapon)
Missiles
 j - 2 javelins (quivered)
 k - 14 stones
 n - 3 poisoned darts
Armour
 e - a +0 pair of gloves (worn)
 u - a +0 buckler (worn)
Jewellery
 q - a +4 ring of slaying (left hand)
 t - a ring of protection from fire
Scrolls
 d - 2 scrolls of blinking
 i - a scroll of teleportation {unknown}
 l - a scroll of noise {unknown}
 m - a scroll of summoning {unknown}
 p - 6 scrolls of vulnerability {unknown}
 r - 2 scrolls of immolation {unknown}
Potions
 c - a potion of degeneration {unknown}
 f - a potion of curing {unknown}
 g - 2 potions of haste {unknown}
 h - 2 potions of invisibility {unknown}
 o - a potion of lignification {unknown}


   Skills:
 + Level 4.2 Fighting
 + Level 4.9 Maces & Flails
 + Level 1.1 Throwing
 + Level 3.7 Dodging
 + Level 1.5 Stealth


You had 5 spell levels left.
You didn't know any spells.
Your spell library was empty.

Dungeon Overview and Level Annotations

Branches:
Dungeon (3/15)

Altars:
Cheibriados
Makhleb

Annotations:
D:3 Sigmund


Innate Abilities, Weirdness & Mutations

Your plain brown scales are hard. (AC +6)
You cannot fit into any form of body armour.
You are cold-blooded and may be slowed by cold attacks.
You are frail. (-10% HP)
You occasionally lose the ability to drink potions when taking damage.
You passively dampen the noise of your surroundings.


Message History

You hear some strange, mumbled words.
Something tries to affect you, but you resist.
Something hits you.
You barely miss something. Something hits you.
You bump into the rock wall.
You feel less confused. Something hits you.
You puncture something! You burn something.
Your tail-slap misses something.
You miss something. Something hits you!
* * * LOW HITPOINT WARNING * * *
You miss something. You tail-slap something!
Something hits you but does no damage.
You miss something.
Your tail-slap misses something.
Something hits you but does no damage.
Blink to where?
Press: ? - help, Dir - move target
Okay, then.
You miss something.
Your tail-slap misses something.
You closely miss something. Something completely misses you.
You feel extremely strange.
Your feet thicken and deform.
Something hits you.
* * * LOW HITPOINT WARNING * * *
You hit something. You burn something.
You hear some strange, mumbled words.
Something tries to affect you, but you resist.
You miss something. You kick something.
Your tail-slap misses something.
Something barely misses you.
You feel extremely strange.
Your hooves expand and flesh out into feet!
You occasionally lose the ability to drink potions when taking damage.
You feel your surroundings grow quieter.
You feel frail.
You hear some strange, mumbled words.
A magic dart appears from out of thin air!
The magic dart hits you but does no damage.
Unknown command.
You closely miss something. Something hits you!
You feel threatened and lose the ability to drink potions!
You die...

.# .# ### .. ..# #
#.# #.# #.# #.#
#{# # #@# #. #.#
### ##.########.#
#..###...........#
#....##........###
#....##....##.#
#....##....#.#
##....##.....#
##....##....##


There were no monsters in sight!

Vanquished Creatures
  Grinder (D:3)
  4 adders (D:3)
  A worm (D:2)
  5 dart slugs
  An orc (D:3)
  4 ball pythons
  2 endoplasms (D:1)
  A giant cockroach (D:1)
  2 goblins (D:1)
  4 hobgoblins
  5 kobolds
  A quokka (D:3)
  2 bats (D:3)
  3 frilled lizards
  6 rats
42 creatures vanquished.

Notes
Turn   | Place    | Note
-------+----------+-------------------------------------------
     0 | D:1      | jesterful the Draconian Berserker began the quest for the
                  | Orb.
     0 | D:1      | Reached XP level 1. HP: 19/19 MP: 1/1
   247 | D:1      | Reached XP level 2. HP: 26/26 MP: 2/2
   877 | D:2      | Reached XP level 3. HP: 31/31 MP: 3/3
  1126 | D:2      | Found a burning altar of Makhleb.
  1228 | D:3      | Reached ** piety under Trog
  1238 | D:3      | Found a snail-covered altar of Cheibriados.
  1343 | D:3      | Noticed Grinder
  1354 | D:3      | Killed Grinder
  1355 | D:3      | Reached skill level 1 in Throwing
  1355 | D:3      | Reached skill level 1 in Stealth
  1355 | D:3      | Reached XP level 4. HP: 19/40 MP: 4/4
  1355 | D:3      | Reached XP level 5. HP: 22/46 MP: 5/5
  1439 | D:3      | Found a faded altar of an unknown god.
  1610 | D:3      | Reached XP level 6. HP: 48/52 MP: 6/6
  1617 | D:3      | Noticed Sigmund
  1644 | D:3      | Gained mutation: You have large cloven feet. [potion of
                  | mutation]
  1647 | D:3      | Lost mutation: You have large cloven feet. [potion of
                  | mutation]
  1647 | D:3      | Gained mutation: You occasionally lose the ability to drink
                  | potions when taking damage. [potion of mutation]
  1647 | D:3      | Gained mutation: You passively dampen the noise of your
                  | surroundings. [potion of mutation]
  1647 | D:3      | Gained mutation: You are frail. (-10% HP) [potion of
                  | mutation]
  1648 | D:3      | Slain by Sigmund

Illustrated notes

Levels and vault maps discovered:
D:1:      mrwooster_arrival_statue_3, layout_basic
D:2:      minmay_wonky_spiral, layout_loops_ring, basic_altar, hex_tiny
D:3:      layout_loops_ring, kennysheep_slug_shrine,
          hellmonk_ecumenical_altar_zigzags, nrook_mini_backslash,
          minmay_misc_feat_five, uniq_grinder, uniq_sigmund

Skill      XL: |  1  2  3 |
---------------+----------+-----
Dodging        | 3 |  3.7
Maces & Flails | 4 |  4.9
Fighting       | 4 |  4.2
Throwing       | 1 |  1.1
Stealth        | 1 |  1.5

Action                   |  1- 3 |  4- 6 || total
-------------------------+-------+-------++-------
Melee: Mace              |    62 |    11 ||    73
       Tailslap          |     7 |     4 ||    11
       Punch             |     1 |       ||     1
       Short sword       |       |    20 ||    20
       Kick              |       |     1 ||     1
Throw: Stone             |     3 |       ||     3
       Javelin           |     9 |     2 ||    11
Invok: Berserk           |     1 |       ||     1
  Use: Scroll            |     3 |       ||     3
       Potion            |       |     2 ||     2
 Stab: Sleeping          |     1 |       ||     1
Armor: Skin              |    22 |    12 ||    34
Dodge: Dodged            |    36 |    19 ||    55
Block: Buckler           |       |     2 ||     2
